 Dungeon Crawl Stone Soup version 0.29.1-1-gd02db6906a (console) character file.

Game seed: 2714252441598668801

416 om the Slasher (level 6, 0/51 HPs)
             Began as a Palentonga Fighter on Sept 15, 2022.
             Was an Initiate of Gozag.
             Slain by a river rat (3 damage)
             ... in a sewer.
             The game lasted 00:09:36 (4470 turns).

om the Slasher (Palentonga Fighter)                 Turns: 4470, Time: 00:09:37

Health: 0/51       AC:  8    Str: 21    XL:     6   Next: 60%
Magic:  6/6        EV:  7    Int:  8    God:    Gozag
Gold:   362        SH:  5    Dex: 12    Spells: 5/5 levels left

rFire   . . .      SeeInvis +   a - +0 long sword
rCold   . . .      Faith    .   c - +0 buckler
rNeg    . . .      Spirit   .   b - +0 scale mail
rPois   .          Reflect  .   j - +0 helmet
rElec   .          Harm     .   (no cloak)
rCorr   .          Rampage  .   (no gloves)
Will    .....                   (no barding)
Stlth   ..........              (no amulet)
HPRegen 0.17/turn               (no ring)
MPRegen 0.10/turn               (no ring)

@: no status effects
A: large, rugged brown scales 3, see invisible, deformed body, roll 1, armoured
tail
a: Rolling Charge, Renounce Religion, Potion Petition, Call Merchant, Bribe
Branch


You were in a sewer.
You worshipped Gozag.
Gozag was aware of your devotion.
You visited 1 branch of the dungeon, and saw 4 of its levels.
You also visited: Sewer.

You collected 455 gold pieces.
You paid 93 gold pieces to Gozag.

Inventory:

Hand Weapons
 a - a +0 long sword (weapon)
 f - a +4 dagger of freezing
Armour
 b - a +0 scale mail (worn)
 c - a +0 buckler (worn)
 g - a +0 ring mail
 j - a +0 helmet (worn)
Wands
 d - a wand of flame (13)
 n - a wand of iceblast (11)
Scrolls
 o - a scroll of teleportation
Potions
 e - a potion of attraction {unknown}
 h - 3 potions of haste
 i - a potion of degeneration {unknown}
 k - 2 potions of cancellation
 l - 2 potions of brilliance {unknown}
 m - a potion of resistance {unknown}
 p - a potion of berserk rage {unknown}
 s - a potion of might


   Skills:
 - Level 4.0 Fighting
 * Level 4.9 Long Blades
 + Level 3.5 Armour
 + Level 3.8 Shields


You had 5 spell levels left.
You didn't know any spells.
Your spell library contained the following spells:

 Spells                   Type           Power      Damage    Failure   Level
 Summon Small Mammal      Summ           0%         N/A       82%         1
 Ensorcelled Hibernation  Hex/Ice        0%         N/A       91%         2
 Call Canine Familiar     Summ           0%         N/A       99%         3
 Portal Projectile        Hex/Tloc       0%         N/A       99%         3
 Spider Form              Tmut/Pois      0%         N/A       99%         3
 Summon Guardian Golem    Hex/Summ       0%         N/A       99%         3
 Tukima's Dance           Hex            0%         N/A       99%         3
 Anguish                  Hex/Necr       0%         N/A       100%        4
 Blade Hands              Tmut           0%         N/A       100%        5


Dungeon Overview and Level Annotations

Branches:
Dungeon (4/15)              Sewer (1/1)
 Temple: D:4-7

Altars:
Elyvilon
Gozag
Trog
Uskayaw
Wu Jian

Shops:
D:1 (   D:2 =


Innate Abilities, Weirdness & Mutations

You are completely covered in rugged brown scales. (AC +3, +7% HP)
You have supernaturally acute eyesight. (SInv)
Armour fits poorly on your strangely shaped body.
You can roll at nearby foes to attack.
You have a long armoured tail.


Message History

You hit the rat but do no damage. The rat bites you.
You block the rat's attack.
You closely miss the rat. The rat barely misses you.
You slash the rat!
You kill the rat!
No target in view!
You now have 362 gold pieces (gained 6).
The river rat bites you.
You closely miss the river rat. You tail-slap the river rat.
The river rat is heavily wounded.
The river rat bites you. The river rat bites you!
* * * LOW HITPOINT WARNING * * *
You are too injured to fight recklessly!
You closely miss the river rat.
You tail-slap the river rat, but do no damage.
The river rat is heavily wounded.
The river rat is distracted by your dazzling golden aura.
You closely miss the river rat.
The river rat is no longer distracted by gold.
The river rat is heavily wounded.
You block the river rat's attack.
You hit the river rat.
The river rat is severely wounded.
The river rat bites you.
* * * LOW HITPOINT WARNING * * *
You hit the river rat but do no damage.
You tail-slap the river rat, but do no damage.
The river rat is severely wounded.
The river rat bites you.
* * * LOW HITPOINT WARNING * * *
You closely miss the river rat.
The river rat is severely wounded.
The river rat bites you but does no damage.
You closely miss the river rat.
The river rat is severely wounded.
The river rat bites you.
* * * LOW HITPOINT WARNING * * *
The river rat bites you.
You die...
Your body crumbles into a pile of gold.

##....~≈≈≈≈≈.......#
#.....~≈≈≈~~......#
##....~≈≈≈~~~......#
#...#..~~≈≈.......##
##...##~~~≈≈~......#
#...###..~≈~~.....##
#...##..~≈≈~......####
##.......≈≈......###∩#
##......~~......###.#
#.....~~≈.......#..#
#.....~≈~....r@...##
##......≈~~.......##
#.......≈≈~~.....##
##.......≈≈~~.....##
#...#...~~≈≈~~.....#
#..###.~~~≈≈≈......##
#.$###..≈≈≈≈~....#..#
#..#...~≈≈≈≈~~..###.#
#......~~≈≈≈~...###∩#
##.....~≈≈≈≈≈~...####
##....#~≈≈≈~~...##


You could see a river rat.

Vanquished Creatures
  A hound (D:4)
  An iguana (D:4)
  Ijyb (D:3)
  Terence (D:2)
  6 gnolls
  7 adders
  7 river rats (Sewer)
  A worm (D:2)
  10 dart slugs
  An orc (D:3)
  7 endoplasms
  2 giant cockroaches
  3 goblins
  2 hobgoblins (D:3)
  2 quokkas
  7 ball pythons
  10 bats
  5 frilled lizards
  9 kobolds
  20 rats
103 creatures vanquished.

Vanquished Creatures (others)
  A hound (D:4)
  A plant (D:1)
2 creatures vanquished.

Grand Total: 105 creatures vanquished

Notes
Turn   | Place    | Note
-------+----------+-------------------------------------------
     0 | D:1      | om the Palentonga Fighter began the quest for the Orb.
     0 | D:1      | Reached XP level 1. HP: 19/19 MP: 1/1
   246 | D:1      | Found Vedghad's Weapon Emporium.
   247 | D:1      | Upgraded the game from 0.29.1 to 0.29.1-1-gd02db6906a
   430 | D:1      | Reached XP level 2. HP: 25/25 MP: 2/2
   881 | D:2      | Reached XP level 3. HP: 31/31 MP: 3/3
  1337 | D:2      | Reached XP level 4. HP: 24/37 MP: 4/4
  1608 | D:2      | Noticed Terence
  1610 | D:2      | Killed Terence
  1829 | D:2      | Found Vyonosyn's Jewellery Emporium.
  2201 | D:3      | Noticed Ijyb
  2215 | D:3      | Killed Ijyb
  2468 | D:3      | Reached XP level 5. HP: 44/44 MP: 5/5
  2731 | D:3      | Found a faded altar of an unknown god.
  3055 | D:3      | Found a hide-covered altar of Uskayaw.
  3056 | D:3      | Found a white marble altar of Elyvilon.
  3057 | D:3      | Found an ornate altar of the Wu Jian Council.
  3123 | D:3      | Found a bloodstained altar of Trog.
  3350 | D:4      | Reached XP level 6. HP: 23/51 MP: 6/6
  3489 | D:4      | Found an opulent altar of Gozag.
  3508 | D:4      | Became a worshipper of Gozag Ym Sagoz the Greedy
  3677 | D:4      | Found a glowing drain.
  3687 | Sewer    | Entered a sewer
  4470 | Sewer    | Slain by a river rat

Illustrated notes

Levels and vault maps discovered:
D:1:      sevenhm_arrival_forest_fort_large_2, layout_rooms, serial_shops,
          nicolae_shop_bloodbath_and_beyond, serial_bayou_crossing
D:2:      layout_basic, serial_shops, shop, uniq_terence
D:3:      layout_basic, nicolae_overflow_quartered_altars,
          ebering_ecumenical_altar_mist, minmay_increasing_density, uniq_ijyb
D:4:      kennysheep_slugbush, layout_cave_pools, nicolae_gozag_seed_capital,
          portal_sewer_entry_a
Sewer:    sewer_minmay_treatment

Skill      XL: |  1  2  3  4  5 |
---------------+----------------+-----
Shields        | 3 |  3.8
Long Blades    | 3 4 |  4.9
Armour         | 3 |  3.5
Fighting       | 4 |  4.0

Action                   |  1- 3 |  4- 6 || total
-------------------------+-------+-------++-------
Melee: Long sword        |    82 |   251 ||   333
       Tailslap          |     8 |    29 ||    37
 Abil: Rolling Charge    |     9 |    35 ||    44
  Use: Scroll            |     4 |     6 ||    10
       Potion            |     2 |     2 ||     4
Armor: Scale mail        |    96 |   148 ||   244
Dodge: Dodged            |    56 |   115 ||   171
Block: Buckler           |    29 |    68 ||    97
